 Dungeon Crawl Stone Soup version 0.24-a0-92-g7d8ec57 (console) character file.

Game seed: 9504335352261077737

56 Duffy the Ruffian (level 3, 28/28 HPs)
             Began as a Draconian Transmuter on Feb 9, 2019.
             Quit the game on level 1 of the Dungeon.
             The game lasted 00:01:38 (1546 turns).

Duffy the Ruffian (Draconian Transmuter)            Turns: 1546, Time: 00:01:39

Health: 28/28      AC:  7    Str: 12    XL:     3   Next: 69%
Magic:  6/6        EV: 12    Int: 16    God:
Gold:   102        SH:  0    Dex: 11    Spells: 0/6 levels left

rFire    . . .     SeeInvis .     - Unarmed
rCold    . . .     Gourm    .   (no shield)
rNeg     . . .     Faith    .   (armour unavailable)
rPois    .         Spirit   .   (helmet restricted)
rElec    .         Reflect  .   (no cloak)
rCorr    .         Harm     .   (no gloves)
MR       .....     Clarity  +   f - +1 pair of boots
Stlth    +.........             (no amulet)
HPRegen  0.09/turn              (no ring)
MPRegen  0.10/turn              (no ring)

@: no status effects
A: unfitting armour, talons 1, clarity, clever 1, cold-blooded, AC +5
a: no special abilities


You were on level 1 of the Dungeon.
You were not hungry.

You visited 1 branch of the dungeon, and saw 2 of its levels.

You collected 102 gold pieces.

Inventory:

Missiles
 a - 12 arrows
Armour
 f - a +1 pair of boots (worn)
Scrolls
 b - a scroll of identify {unknown}
 e - a scroll of teleportation {unknown}
 g - a scroll of amnesia {unknown}
Potions
 d - a potion of curing
Comestibles
 c - a ration
 h - 2 chunks of flesh


   Skills:
 - Level 1.1 Fighting
 - Level 1.7 Dodging
 + Level 3.8 Unarmed Combat
 - Level 2.0 Spellcasting
 + Level 3.1 Transmutations
 + Level 0.7 Poison Magic


You couldn't memorise any spells.
You knew the following spells:

 Your Spells              Type           Power        Failure   Level  Hunger
h - Spider Form           Tmut/Pois      #.........   28%         3    ###....
j - Sticks to Snakes      Tmut           ##......     9%          2    ###....
k - Beastly Appendage     Tmut           ##....       6%          1    #......

Your spell library contained the following spells:

 Spells                   Type           Power        Failure   Level  Hunger
 Ice Form                 Ice/Tmut       #.......     73%         4    #####..
 Blade Hands              Tmut           ##........   85%         5    ######.


Dungeon Overview and Level Annotations

Branches:
Dungeon (2/15)

Altars:
The Shining One


Innate Abilities, Weirdness & Mutations

Your plain brown scales are hard. (AC +5)
You cannot fit into any form of body armour.
You are cold-blooded and may be slowed by cold attacks.
You have sharp toenails.
You possess an exceptional clarity of mind.
Your mind is acute. (Int +2)


Message History

You hit the jackal.
You kill the jackal!
You see here a jackal corpse.
There isn't anything here!
You see here a jackal corpse.
You butcher the jackal corpse.
h - 2 chunks of flesh You see here a jackal skeleton.
You see here a jackal corpse.
You butcher the jackal corpse.
h - 3 chunks of flesh (gained 1)
You see here a jackal skeleton.
Eating one of 3 chunks of flesh.
You eat one of the 3 chunks of flesh.
This raw flesh tastes terrible.
Magic restored.
Your magical contamination has completely faded away.
HP restored.
Done exploring.
You can't go down here!
Are you sure you want to abandon this character and quit the game? (Confirm with "yes".)

.# #.....# #.# #.#.#.....## .#
#.###.## #.####.##)##....## .###.#
#..# #....)...#.#.....###
.##..###..# #.#####..##.##.....#
.#........# #.# #....#.#......
.....#.##.# ####.# #....##.####.#
...###.##># #...># #.##...#...#.#
...# #.##.###.##%#####.##...#...#..
..####.#.........@.....##...#...#..
.##.......###.#####.####..##.####..
##........# #.# #.###...#.#.....#
#......^..# #.#####.....##.##..####
..........# #...........#.#...## #.
...#......###..####.#.##.##..## #.
..####.........####.#.#.#....# #.
.......#............#.###....# #.
########.#####.######.....##.#####.


There were no monsters in sight!

Vanquished Creatures
  An adder (D:1)
  3 dart slugs (D:1)
  A leopard gecko (D:1)
  A ball python (D:1)
  A giant cockroach (D:1)
  3 goblins
  5 hobgoblins (D:1)
  3 jackals (D:1)
  4 bats (D:1)
  2 frilled lizards
  8 kobolds
  5 rats
37 creatures vanquished.

Notes
Turn   | Place    | Note
-------+----------+-------------------------------------------
     0 | D:1      | Duffy the Draconian Transmuter began the quest for the Orb.
     0 | D:1      | Reached XP level 1. HP: 16/16 MP: 3/3
   181 | D:1      | Reached XP level 2. HP: 23/23 MP: 5/5
   549 | D:1      | Reached XP level 3. HP: 20/28 MP: 6/6
   746 | D:1      | Learned a level 2 spell: Sticks to Snakes
   750 | D:1      | Learned a level 3 spell: Spider Form
  1214 | D:2      | Found a glowing golden altar of the Shining One.
  1281 | D:1      | Gained mutation: Your spells are a little easier to cast,
                  | but a little less powerful. [potion of mutation]
  1281 | D:1      | Gained mutation: Your magical capacity is low. (-10% MP)
                  | [potion of mutation]
  1281 | D:1      | Lost mutation: Your magical capacity is low. (-10% MP)
                  | [potion of mutation]
  1282 | D:1      | Lost mutation: Your spells are a little easier to cast, but
                  | a little less powerful. [potion of mutation]
  1282 | D:1      | Gained mutation: Your mind is acute. (Int +2) [potion of
                  | mutation]
  1282 | D:1      | Gained mutation: You have sharp toenails. [potion of
                  | mutation]
  1282 | D:1      | Gained mutation: You possess an exceptional clarity of
                  | mind. [potion of mutation]
  1546 | D:1      | Quit the game

Levels and vault maps discovered:
D:1:      scummos_arrival_star, layout_loops_ring, nrook_mini_backslash,
          minmay_vboxes
D:2:      kennysheep_the_goblin_king, layout_rooms, minmay_misc_feat_tiny,
          tso_metal_star

Skill      XL: |  1  2  3 |
---------------+----------+-----
Transmutations | 3 |  3.1
Fighting       | |  1.1
Dodging        | |  1.7
Unarmed Combat | |  3.8
Spellcasting   | |  2.0
Poison Magic   | |  0.7

Action                   || total
-------------------------++-------
Melee: Unarmed           ||   164
       Tailslap          ||    11
       Punch             ||     2
  Use: Potion            ||     3
 Stab: Sleeping          ||     2
  Eat: Chunk             ||     2
Armor: Skin              ||    75
Dodge: Dodged            ||   166

Table legend:
 A = Non-vault XP
 B = Vault XP
 C = Vault XP percentage of total XP
 D = Non-vault monster count
 E = Vault monster count
 F = Vault count percentage of total count
                 A         B        C        D         E       F
            +---------+---------+-------+---------+---------+-------
      Total |      71 |       9 |  11.2 |      31 |       6 |  16.2
            +---------+---------+-------+---------+---------+-------
        D:1 |      65 |       9 |  12.2 |      27 |       6 |  18.2
        D:2 |       6 |       0 |   0.0 |       4 |       0 |   0.0
            +---------+---------+-------+---------+---------+-------
